Map: Dusk Towers

Players

SoulKate - Winner!

  • Race: Protoss Protoss
  • League: Diamond

ILLBdA

  • Race: Protoss Protoss
  • League: Diamond

VOD

Have the link to the VOD?

Description

Time

  • Played on: Dec. 11, 2015, 10:38 a.m.
  • Length: 4:32
Show
View Real Time Build Order
Export as new Build Order

SoulKate Protoss - Winner!

Build Orders:  

Get SALT Encoding   

  12  0:00  Probe (Chrono Boost)  
  13  0:11  Probe (Chrono Boost)  
  14  0:20  Pylon  
  14  0:23  Probe (Chrono Boost)  
  15  0:38  Probe (Chrono Boost)  
  15  0:39  Gateway  
  16  0:48  Pylon  
  17  0:50  Probe (Chrono Boost)  
  17  0:55  Assimilator  
  17  1:06  Gateway  
  17  1:15  Gateway  
  17  1:28  Gateway  
  18  1:40  Cybernetics Core, Probe (Chrono Boost)  
  18  1:50  Probe (Chrono Boost)  
  18  1:53  Zealot (Chrono Boost)  
  23  2:09  Zealot (Chrono Boost)  
  23  2:10  Probe  
  24  2:21  Stalker (Chrono Boost)  
  26  2:28  Adept (Chrono Boost), Warp Gate (Chrono Boost)  
  28  2:31  Pylon  
  28  2:43  Adept (Chrono Boost)  
  30  2:49  Adept (Chrono Boost)  
  34  3:00  Adept (Chrono Boost)  
  34  3:14  Zealot (Chrono Boost)  
  34  3:16  Zealot x2 (Chrono Boost)  
  34  3:19  Probe  
  34  3:32  Probe, Zealot (Chrono Boost)  
  33  3:39  Zealot (Chrono Boost)  
  33  3:40  Assimilator  
  33  4:09  Probe  
  28  4:22  Stalker x4  
Show
View Real Time Build Order
Export as new Build Order

ILLBdA Protoss 

Build Orders: Nexus First 

Get SALT Encoding   

  12  0:01  Probe (Chrono Boost)  
  13  0:11  Probe (Chrono Boost)  
  14  0:19  Pylon  
  14  0:22  Probe (Chrono Boost)  
  15  0:37  Probe (Chrono Boost)  
  16  0:48  Probe (Chrono Boost)  
  17  1:00  Nexus  
  17  1:11  Gateway  
  17  1:17  Assimilator  
  17  1:22  Probe (Chrono Boost)  
  17  1:23  Assimilator  
  19  1:33  Probe (Chrono Boost)  
  19  1:39  Gateway  
  19  1:43  Probe (Chrono Boost)  
  20  1:52  Pylon  
  20  1:54  Probe (Chrono Boost)  
  21  2:04  Cybernetics Core, Probe (Chrono Boost)  
  22  2:14  Probe (Chrono Boost)  
  22  2:15  Probe (Chrono Boost)  
  24  2:24  Probe (Chrono Boost)  
  24  2:28  Pylon  
  25  2:34  Probe (Chrono Boost)  
  26  2:41  Stalker x2 (Chrono Boost)  
  27  3:28  Pylon  
  27  3:33  Mothership Core  
  26  3:46  Pylon  
  26  3:50  Adept (Chrono Boost)  
  26  3:54  Probe  
Tags
 
Matchup
PvP
Replay Pack
me
Add a new tag
Caveats
  • Supply blocks, unpowered buildings, or Contaminate may cause inaccurate times.
  • Supply counts are checked every 10 seconds.